 Dungeon Crawl Stone Soup version 0.31-a0-1071-gaead2f62b1 (webtiles) character file.

Game seed: 1521921775999407454

2993 Jeffwins the Digger (level 9, -5/71 HPs)
             Began as an Armataur Earth Elementalist on Nov 26, 2023.
             Was a Priest of Vehumet.
             Slain by Maurice
             ... wielding a +4 dagger
              (7 damage)
             ... on level 8 of the Dungeon.
             The game lasted 00:15:50 (8211 turns).

Jeffwins the Digger (Armataur Earth Elementalist)   Turns: 8211, Time: 00:15:50

Health: -5/71      AC:  8    Str: 13 (17) XL:     9   Next: 54%
Magic:  9/17       EV:  9    Int: 24 (26) God:    Vehumet [***...]
Gold:   247        SH:  0    Dex: 12 (14) Spells: 0/18 levels left

rFire   . . .        p - +9 hammer of Invincibility {drain, rElec rC+ Int+4 Dex+4}
rCold   + . .        (no shield)
rNeg    . . .        u - +2 robe of Okler {Str+2 Int+3}
rPois   .            c - +0 helmet
rElec   +            l - scarf {repulsion}
rCorr   .            r - +0 pair of gloves
SInv    .            (no barding)
Will    .....        F - amulet of magic regeneration
Stlth   ++           (no ring)
HPRegen 0.31/turn    (no ring)
MPRegen 0.55/turn

%: repel missiles, roll
@: no status effects
A: large, deformed body, tough skin 3, armoured tail, roll 2, long tongue
a: Renounce Religion


You were on level 8 of the Dungeon.
You worshipped Vehumet.
Vehumet was most pleased with you.
You visited 2 branches of the dungeon, and saw 9 of its levels.
You also visited: Sewer.

You collected 340 gold pieces.
You spent 93 gold pieces at shops.


Innate Abilities, Weirdness & Mutations

Armour fits poorly on your strangely shaped body.
You have extremely tough skin. (AC +3)
You have a long armoured tail.
You roll and regenerate health when moving toward enemies. (Rampage Heal)
Your long tongue fully drains potion bottles. (2x potion effects)


   Skills:
 + Level 3.9 Fighting
 * Level 4.4 Maces & Flails
 - Level 1.3 Dodging
 - Level 2.1 Stealth
 + Level 1.5 Shields
 * Level 5.4 Spellcasting
 * Level 4.9 Conjurations
 * Level 1.9 Transmutations
 * Level 1.5 Ice Magic
 * Level 1.4 Air Magic
 * Level 6.2 Earth Magic
 * Level 1.5 Poison Magic
 + Level 1.2 Evocations


You couldn't memorise any spells.
You knew the following spells:

 Your Spells              Type           Power      Damage    Failure   Level
a - Brom's Barrelling Bo  Conj/Erth      33%        2d5       2%          4
f - Freezing Cloud        Conj/Ice/Air   9%         6-21      21%         5
s - Sandblast             Erth           72%        2d16      1%          1
x - Stone Arrow           Conj/Erth      66%        3d11      1%          3
z - Poisonous Vapours     Pois/Air       26%        N/A       1%          2
X - Frozen Ramparts       Ice            26%        1d4       4%          3

Your spell library contained the following spells:

 Spells                   Type           Power      Damage    Failure   Level
 Dazzling Flash           Conj/Hex       36%        N/A       2%          3
 Freeze                   Ice            52%        1d6       1%          1
 Hailstorm                Conj/Ice       22%        3d7       1%          3
 Passwall                 Tmut/Erth      21%        N/A       2%          2
 Sting                    Tmut/Pois      56%        1d5       4%          1
 Ignite Poison            Fire/Tmut/Pois 12%        N/A       4%          3
 Apportation              Tloc           12%        N/A       9%          1
 Necrotise                Necr           24%        1d5       9%          1
 Summon Small Mammal      Summ           24%        N/A       9%          1
 Cigotuvi's Dreadful Rot  Necr/Pois/Air  22%        N/A       9%          2
 Olgreb's Toxic Radiance  Pois           13%        N/A       12%         4
 Ozocubu's Armour         Ice            13%        N/A       14%         3
 Petrify                  Tmut/Erth      26%        N/A       16%         4
 Metabolic Englaciation   Hex/Ice        5%         N/A       86%         5
 Simulacrum               Ice/Necr       5%         N/A       100%        6

Inventory:

Hand Weapons
 p - the +9 hammer of Invincibility (weapon) {drain, rElec rC+ Int+4 Dex+4}
   (You found it on level 3 of the Dungeon)

   Int+4:     It affects your intelligence (+4).
   Dex+4:     It affects your dexterity (+4).
   rC+:       It protects you from cold.
   rElec:     It insulates you from electricity.
Armour
 c - a +0 helmet (worn)
 l - a scarf of repulsion (worn)
 r - a +0 pair of gloves (worn)
 u - the +2 robe of Okler (worn) {Str+2 Int+3}
   (You found it on level 5 of the Dungeon)

   Str+2:     It affects your strength (+2).
   Int+3:     It affects your intelligence (+3).
Jewellery
 F - an amulet of magic regeneration (around neck)
Wands
 a - a wand of quicksilver (7)
 D - a wand of charming (6)
Scrolls
 d - 3 scrolls of poison {!r}
 f - a scroll of fog
 g - 2 scrolls of enchant weapon
 i - 2 scrolls of teleportation {@r4}
 j - a scroll of enchant armour
 k - 3 scrolls of fear
 x - 2 scrolls of blinking {unknown}
 y - a scroll of revelation
 z - 2 scrolls of immolation {!r}
 C - a scroll of vulnerability {!r}
 H - a scroll of noise {unknown}
Potions
 b - a potion of magic
 e - a potion of ambrosia
 h - a potion of lignification {unknown}
 m - 2 potions of curing {unknown}
 q - 2 potions of degeneration {!q}
 s - 3 potions of haste {unknown}
 t - 2 potions of enlightenment {unknown}
 w - a potion of might {unknown}
 A - 3 potions of heal wounds {unknown}
 B - 2 potions of invisibility {unknown}
 E - a potion of attraction {unknown}
 G - a potion of mutation {unknown}

Dungeon Overview and Level Annotations

Branches:
Dungeon (8/15)             Temple (1/1) D:4           Sewer (visited)
   Lair: D:8-11

Altars:
Ashenzari
Cheibriados
Dithmenos
Fedhas
Gozag
Hepliaklqana
Kikubaaqudgha
Makhleb
Nemelex Xobeh
Ru
Sif Muna
Trog
Uskayaw
Vehumet
Wu Jian
Xom
Yredelemnul
Zin
The Shining One

Shops:
D:1 *

Annotations:
D:8 Maurice

################
#...............
#.#############.
#.# #. #### #.#
#. §§# #.# #. ░
#§# #.# #.
░..#§#########.#
#.
░§§§§§§§§§.@.>#
#.
░§###########.#
#####. ░. ###P##
#..... ░ ~~~~#
#.#### ♣~~.# #.#
#~~~# #.# #PP.#
######.# ##..#
#......# #.##
#.######


There were no monsters in sight!


Message History

Confirm with . or Enter, or press ? or * to list all spells.
Aiming: Poisonous Vapours (safe; 1% risk of failure)
Press: ? - help, Dir - move target, f - you
Okay, then.
Unknown command.
As you read the scroll of fog, it dissolves into smoke.
You hear a zap.
A bolt of dispelling energy appears from out of thin air!
The bolt of dispelling energy hits you!
* * * LOW HITPOINT WARNING * * *
Unknown command.
You hear a zap.
A bolt of dispelling energy appears from out of thin air!
The bolt of dispelling energy misses you.
Something hits you.
* * * LOW HITPOINT WARNING * * *
Something steals 121 gold pieces!
You now have 247 gold pieces.
Something bites you but does no damage.
You sock something! Something blocks your attack.
Something hits you but does no damage. Something bites you.
* * * LOW HITPOINT WARNING * * *
You feel your power leaking away. Something drains your magic.
Unknown command.
It was a potion of degeneration.
There was something very wrong with that liquid.
You feel weakened.
You feel dopey.
You feel clumsy.
You slurp down every last drop of the potion of degeneration!
Something hits you!
You die...

Skill      XL: |  1  2  3  4  5  6  7  8  9 |
---------------+----------------------------+-----
Spellcasting   | 2 3 4 5 |  5.4
Earth Magic    | 3 4 5 6 |  6.2
Fighting       | 1 2 3 |  3.9
Conjurations   | 1 2 3 4 |  4.9
Maces & Flails | 1 2 3 4 |  4.4
Transmutations | 1 |  1.9
Shields        | 1 |  1.5
Ice Magic      | 1 |  1.5
Air Magic      | 1 |  1.4
Poison Magic   | 1 |  1.5
Evocations     | 1 |  1.2
Dodging        | |  1.3
Stealth        | |  2.1

Action                     |  1- 3 |  4- 6 |  7- 9 || total
---------------------------+-------+-------+-------++-------
  Melee: Unarmed           |     4 |    82 |       ||    86
         Tailslap          |     2 |    17 |    15 ||    34
         Mace              |       |    35 |   152 ||   187
         Punch             |       |       |     2 ||     2
   Cast: Sandblast         |    48 |    65 |    88 ||   201
         Stone Arrow       |       |       |    10 ||    10
         Poisonous Vapours |       |       |     9 ||     9
         Freezing Cloud    |       |       |     1 ||     1
    Use: Potion            |       |     1 |     1 ||     2
         Scroll            |       |       |    14 ||    14
   Stab: Sleeping          |       |     4 |     7 ||    11
 Armour: Robe              |    23 |   135 |   194 ||   352
  Dodge: Dodged            |     9 |    80 |   141 ||   230
         Repelled          |       |     1 |     1 ||     2

Levels and vault maps discovered:
D:1:      heliophobic_arrival_henge, layout_basic, serial_shops,
          nicolae_lakefront_shop, minmay_tetromino_i4
D:2:      layout_basic
D:3:      minmay_spotlight, layout_loops_corners, uniq_crazy_yiuf_cottage
D:4:      corexii_shack_village, layout_loops_corners, lemuel_crystal_altar,
          minmay_temple_entry_junction, uniq_eustachio
D:5:      layout_rooms, kennysheep_mini_moat, gup_sewer_entry_glass
D:6:      layout_layer_cave, nicolae_ru_the_path_less_chosen
D:7:      layout_loops_ring, grunt_decor_clamped
D:8:      layout_basic, mainiacjoe_overflow_surrounded_room, serial_bayou,
          serial_bayou_ford_a, serial_bayou_pond_d, serial_bayou_lagoon_b,
          serial_bayou_shore_b, serial_shops, nicolae_shop_behind_doors,
          uniq_maurice, uniq_jeremiah
Temple:   nicolae_temple_slightly_damp_pantheon

Notes
Turn   | Place    | Note
-------+----------+-------------------------------------------
     0 | D:1      | Jeffwins the Armataur Earth Elementalist began the quest
                  | for the Orb.
     0 | D:1      | Reached XP level 1. HP: 14/14 MP: 3/3
   179 | D:1      | Reached skill level 2 in Spellcasting
   355 | D:1      | Reached XP level 2. HP: 16/22 MP: 1/5
   492 | D:1      | Reached skill level 3 in Earth Magic
   953 | D:1      | Found Jokuamma's Assorted Antiques.
   962 | D:1      | Bought a scroll labelled REKLIM MUCAILO for 31 gold pieces
   962 | D:1      | Bought a scroll labelled UXKASU MABRUCH for 31 gold pieces
   962 | D:1      | Bought a scroll labelled BALASA ZOSABLU for 31 gold pieces
  1319 | D:2      | Reached XP level 3. HP: 27/27 MP: 4/6
  1474 | D:2      | Reached skill level 1 in Fighting
  1576 | D:2      | Reached XP level 4. HP: 20/35 MP: 0/8
  1580 | D:2      | Learned a level 3 spell: Stone Arrow
  2148 | D:3      | Reached skill level 3 in Spellcasting
  2148 | D:3      | Reached skill level 1 in Conjurations
  2148 | D:3      | Reached XP level 5. HP: 30/40 MP: 6/9
  2520 | D:3      | Reached skill level 4 in Earth Magic
  2842 | D:3      | Noticed a black bear
  2847 | D:3      | Killed a black bear
  2848 | D:3      | Reached skill level 2 in Fighting
  2848 | D:3      | Reached XP level 6. HP: 46/48 MP: 5/11
  3137 | D:3      | Found a runed translucent door.
  3138 | D:3      | Noticed Crazy Yiuf
  3146 | D:3      | Killed Crazy Yiuf
  3147 | D:3      | Reached skill level 2 in Conjurations
  3270 | D:3      | Identified the +9 hammer of Invincibility {drain, rElec rC+
                  | Int+4 Dex+4}
  3601 | D:4      | Found a staircase to the Ecumenical Temple.
  3619 | Temple   | Entered the Ecumenical Temple
  3638 | Temple   | Became a worshipper of Vehumet
  4192 | D:4      | Reached skill level 1 in Maces & Flails
  4278 | D:4      | You fall into a shaft and drop 3 floors!
  4331 | D:7      | Gained mutation: You roll and regenerate health when moving
                  | toward enemies. (Rampage Heal) [Armataur growth]
  4331 | D:7      | Reached XP level 7. HP: 48/56 MP: 12/12
  4343 | D:7      | Reached skill level 4 in Spellcasting
  4343 | D:7      | Reached skill level 3 in Conjurations
  4389 | D:7      | Reached skill level 2 in Maces & Flails
  4564 | D:5      | Entered Level 5 of the Dungeon
  4595 | D:5      | Reached skill level 5 in Earth Magic
  4597 | D:5      | Reached * piety under Vehumet
  4597 | D:5      | Offered knowledge of Foxfire by Vehumet.
  4685 | D:5      | Reached XP level 8. HP: 37/62 MP: 1/14
  4697 | D:5      | Reached skill level 3 in Fighting
  4723 | D:5      | Identified the +2 robe of Okler {Str+2 Int+3}
  4745 | D:5      | Found a glowing drain.
  4791 | Sewer    | Entered a sewer
  5009 | Sewer    | Offered knowledge of Poisonous Vapours by Vehumet.
  5011 | Sewer    | Reached ** piety under Vehumet
  5053 | Sewer    | Reached skill level 3 in Maces & Flails
  5343 | D:5      | Found a glowing silver altar of Zin.
  5428 | D:5      | Offered knowledge of Scorch by Vehumet.
  5434 | D:5      | Reached *** piety under Vehumet
  5525 | D:4      | Found an ancient bone altar of Kikubaaqudgha.
  5561 | D:4      | Noticed Eustachio
  5570 | D:4      | Learned a level 5 spell: Freezing Cloud
  5582 | D:4      | Killed Eustachio
  5583 | D:4      | Reached skill level 4 in Conjurations
  5720 | D:4      | Offered knowledge of Dazzling Flash by Vehumet.
  6035 | D:6      | Learned a level 3 spell: Frozen Ramparts
  6141 | D:6      | Reached skill level 5 in Spellcasting
  6265 | D:6      | Learned a level 4 spell: Brom's Barrelling Boulder
  6569 | D:6      | Found a sacrificial altar of Ru.
  7108 | D:7      | Reached skill level 1 in Transmutations
  7108 | D:7      | Reached XP level 9. HP: 45/70 MP: 14/16
  7111 | D:7      | Learned a level 2 spell: Poisonous Vapours
  7295 | D:7      | Reached skill level 4 in Maces & Flails
  7295 | D:7      | Reached skill level 6 in Earth Magic
  7486 | D:7      | Reached skill level 1 in Shields
  7640 | D:7      | Reached skill level 1 in Ice Magic
  7644 | D:7      | Reached skill level 1 in Air Magic
  7644 | D:7      | Reached skill level 1 in Poison Magic
  7821 | D:8      | Reached skill level 1 in Evocations
  8192 | D:8      | Noticed Maurice
  8195 | D:8      | Maurice stole a maw talisman
  8197 | D:8      | Maurice stole a staff of poison
  8198 | D:8      | Maurice stole a +0 kite shield
  8201 | D:8      | HP: 6/71 [something/bolt of dispelling energy (11)]
  8209 | D:8      | HP: 7/71 [something (2)]
  8209 | D:8      | Something stole 121 gold
  8210 | D:8      | HP: 2/71 [something (5)]
  8211 | D:8      | Slain by Maurice

Vanquished Creatures
  A hornet (D:8)
  Eustachio (D:4)
  A water moccasin (D:7)
  3 sky beasts
  3 ice beasts
  3 black bears
  2 centaurs (D:7)
  3 bullfrogs (D:6)
  A gnoll sergeant (D:5)
  2 scorpions
  5 wights (D:7)
  4 howler monkeys
  An electric eel (D:8)
  Crazy Yiuf (D:3)
  3 hounds
  An orc priest (D:5)
  A sleepcap (D:8)
  An iguana (D:4)
  4 orc wizards
  9 gnolls
  7 adders
  10 river rats (Sewer)
  A white imp (D:7)
  3 worms (D:3)
  3 dart slugs
  22 orcs
  8 endoplasms
  6 giant cockroaches
  16 goblins
  8 hobgoblins
  4 jackals (D:3)
  4 quokkas
  15 ball pythons
  5 bats
  A frilled lizard (D:3)
  31 kobolds
  18 rats
212 creatures vanquished.

Vanquished Creatures (collateral kills)
  A gnoll (D:5)
1 creature vanquished.

Grand Total: 213 creatures vanquished

Table legend: (Time is in decaauts)
 A = Elapsed time spent in this place.
 B = Non-inter-level travel time spent in this place.
 C = Inter-level travel time spent in this place.
 D = Time resting spent in this place.
 E = Time spent auto-exploring this place.
 F = Levels seen in this place.
 G = Mean time per level.
                   A        B        C        D        E       F      G
               +--------+--------+--------+--------+--------+-----+--------+
         Total |   8360 |   8055 |    305 |     58 |   6460 |  10 |  836.0 |
       Dungeon |   7865 |   7578 |    287 |     56 |   6211 |   8 |  983.1 |
        Temple |     38 |     20 |     18 |      0 |      0 |   1 |   38.0 |
         Sewer |    456 |    456 |      0 |      2 |    249 |   1 |  456.0 |
               +--------+--------+--------+--------+--------+-----+--------+

Top non-repeatable levels by time:
     D:3: 1508 daAuts
     D:1: 1283 daAuts
     D:6: 1156 daAuts
     D:4: 1056 daAuts
     D:7: 907 daAuts
     D:2: 833 daAuts
     D:5: 656 daAuts
     D:8: 462 daAuts
   Sewer: 456 daAuts
  Temple: 38 daAuts

Table legend:
 A = Non-vault XP
 B = Vault XP
 C = Vault XP percentage of total XP
 D = Non-vault monster count
 E = Vault monster count
 F = Vault count percentage of total count
                 A         B        C        D         E       F
            +---------+---------+-------+---------+---------+-------
      Total |    3676 |     600 |  14.0 |     126 |      87 |  40.8
            +---------+---------+-------+---------+---------+-------
        D:1 |      35 |       2 |   5.4 |      20 |       1 |   4.8
        D:2 |      90 |       0 |   0.0 |      16 |       0 |   0.0
        D:3 |     234 |     116 |  33.1 |      20 |      13 |  39.4
        D:4 |     188 |     230 |  55.0 |      16 |      15 |  48.4
        D:5 |     402 |      33 |   7.6 |      17 |       5 |  22.7
        D:6 |     647 |       0 |   0.0 |      10 |       0 |   0.0
        D:7 |    1526 |       0 |   0.0 |      18 |       0 |   0.0
        D:8 |     554 |       0 |   0.0 |       9 |       0 |   0.0
      Sewer |       0 |     219 | 100.0 |       0 |      53 | 100.0
            +---------+---------+-------+---------+---------+-------
